 Dungeon Crawl Stone Soup version 0.18.1-8-gdd0e5ea (webtiles) character file.

4687 Esekla the Slicer (level 10, -5/70 HPs)
             Began as a Formicid Enchanter on May 22, 2016.
             Was a Follower of Ashenzari.
             Killed from afar by Fannar (29 damage)
             ... with a bolt of cold
             ... on level 1 of the Lair of Beasts.
             The game lasted 02:47:53 (11252 turns).

Esekla the Slicer (Formicid Enchanter)             Turns: 11252, Time: 02:47:54

Health: -5/70      AC: 17    Str: 16    XL:     10   Next: 72%
Magic:  1/16       EV: 14    Int: 17    God:    Ashenzari [*.....]
Gold:   409        SH:  0    Dex: 11    Spells: 6 memorised, 2 levels left

rFire  . . .     SeeInvis +     m - +1 dagger (venom)
rCold  . . .     Gourm    .     C - +3 leather armour of the Peculiar Blessings {Str+2 SInv} (curse)
rNeg   . . .     Faith    .     (no shield)
rPois  .         Spirit   .     (helmet unavailable)
rElec  .         Dismiss  .     (no cloak)
rCorr  .         Reflect  .     L - +2 pair of gloves
SustAt .         Harm     .     E - +2 pair of boots
MR     +....                    (no amulet)
Stlth  ++........               G - ring of wizardry
                                i - +4 ring of protection

@: somewhat resistant to hostile enchantments, unstealthy
A: permanent stasis, dig shafts and tunnels, four strong arms, antennae 3
a: Dig, Shaft Self, Curse Item, Scrying, Renounce Religion


You were on level 1 of the Lair of Beasts.
You worshipped Ashenzari.
Ashenzari was aware of your devotion.
You were not hungry.

You visited 3 branches of the dungeon, and saw 10 of its levels.

You collected 409 gold pieces.

Inventory:

Hand Weapons
 a - a +1 dagger
 e - a +0 hunting sling
 m - a +1 dagger of venom (weapon)
 o - a +2 hunting sling of flaming
 p - a +1 dagger of holy wrath
 t - a +3 quarterstaff of pain
 y - a +3 whip
 J - the +5 short sword "Ikeorihi" {freeze, rPois MR- Int+3}
   (You found it on level 7 of the Dungeon)

   It has been specially enchanted to freeze those struck by it, causing extra
   injury to most foes and up to half again as much damage against particularly
   susceptible opponents.
   It can also slow down cold-blooded creatures.
   It affects your intelligence (+3).
   It protects you from poison.
   It affects your resistance to hostile enchantments.
 O - a +1 dagger of draining
Missiles
 f - 4 tomahawks of returning (quivered)
 h - 88 sling bullets
 n - 431 stones
 A - 4 exploding tomahawks
Armour
 w - a +2 robe
 C - the cursed +3 leather armour of the Peculiar Blessings (worn) {Str+2 SInv}
   (You found it on level 4 of the Dungeon)

   It affects your strength (+2).
   It lets you see invisible.
   It has a curse placed upon it.
 D - a +2 ring mail of fire resistance
 E - a +2 pair of boots (worn)
 L - a +2 pair of gloves (worn)
Jewellery
 b - an uncursed ring of sustain attributes
 d - an uncursed ring of protection from fire
 g - an uncursed ring of poison resistance
 i - a +4 ring of protection (left hand)
 k - a +2 ring of protection
 u - a +3 ring of strength
 v - an uncursed ring of poison resistance
 G - a ring of wizardry (right hand)
 M - a cursed ring of protection from fire
 S - an uncursed ring of fire
Wands
 B - a wand of iceblast (9/15)
 I - a wand of digging (4/24)
 R - a wand of enslavement (14/24)
Scrolls
 j - a scroll of recharging
 s - a scroll of noise
 N - a scroll of identify
Potions
 l - a potion of cure mutation
 q - 3 potions of curing
 r - a potion of heal wounds
 x - a potion of magic
 z - a potion of flight
 F - a potion of cancellation {unknown}
 H - 2 potions of brilliance
Books
 c - a book of Maledictions

   Spells                             Type                      Level
   a - Corona                         Hexes                        1
   b - Ensorcelled Hibernation        Hexes/Ice                    2
   c - Confuse                        Hexes                        3
   d - Tukima's Dance                 Hexes                        3
   e - Dazzling Spray                 Conjuration/Hexes            3
 P - a book of Conjurations

   Spells                             Type                      Level
   a - Magic Dart                     Conjuration                  1
   b - Searing Ray                    Conjuration                  2
   c - Dazzling Spray                 Conjuration/Hexes            3
   d - Fulminant Prism                Conjuration/Hexes            4
   e - Iskenderun's Mystic Blast      Conjuration                  4
   f - Iskenderun's Battlesphere      Conjuration/Charms           5
Comestibles
 K - a meat ration
 Q - a bread ration


   Skills:
 - Level 3.0 Fighting
 * Level 10.1 Short Blades
 - Level 5.0 Armour
 + Level 6.2 Dodging
 - Level 3.6 Stealth
 + Level 4.5 Spellcasting
 * Level 4.7 Conjurations
 - Level 4.0 Hexes


You had 2 spell levels left.
You knew the following spells:

 Your Spells              Type           Power        Failure   Level  Hunger
a - Corona                Hex            ###....      1%          1    None
b - Tukima's Dance        Hex            ###.....     4%          3    ###....
c - Confuse               Hex            ###.....     4%          3    ###....
d - Dazzling Spray        Conj/Hex       ###.....     4%          3    ###....
e - Searing Ray           Conj           ###...       1%          2    ##.....
f - Iskenderun's Mystic   Conj           ###.....     12%         4    ####...


Dungeon Overview and Level Annotations

Branches:
Dungeon (8/15)             Temple (1/1) D:6            Lair (1/8) D:8

Altars:
Ashenzari
Cheibriados
Dithmenos
Elyvilon
Fedhas
Gozag
Kikubaaqudgha
Makhleb
Nemelex Xobeh
Okawaru
Pakellas
Qazlal
Ru
Sif Muna
Trog
Vehumet
Xom
Yredelemnul
Zin
The Shining One

Annotations:
Lair:1 Fannar


Innate Abilities, Weirdness & Mutations

You are under a permanent stasis effect.
You can dig through walls and to a lower floor.
Your four strong arms can wield two-handed weapons with a shield.
You have a pair of large antennae on your head (SInv).


Message History

Confirm with . or Enter, or press ? or * to list all spells.
Aiming: Dazzling Spray
Press: ? - help, Shift-Dir - straight line, f/p - Fannar
Aim: Fannar, wielding a quarterstaff of freezing, wearing a robe of cold resistance and wearing a ring of ice (almost dead, poisoned, covered in an icy film)
The spray of energy hits Fannar.
Fannar is almost dead.
Fannar mumbles some strange words.
Fannar drains the heat from the surrounding environment!
You feel very cold.
* * * LOW HITPOINT WARNING * * *
Fannar is frozen.
Fannar resists.
Fannar is almost dead.
Casting: Dazzling Spray
Confirm with . or Enter, or press ? or * to list all spells.
You don't have enough magic to cast that spell.
Drink which item? (? for menu, Esc to quit)
You feel better. Fannar gestures at you while chanting.
The bolt of cold hits you!
You die...

...##.####.[<†......#
............††.(...##
. ##.#####........##
####...........#
#.....####(Y.##
....#...## ##e..#
......... #..##
.......##. ##..##
....... .# #.@..#
..................#
.................##
....####...###...#
.... ##... ... ..##
.. ..# ..#


You could see Fannar and an ice beast.

Vanquished Creatures
  A hill giant (D:8)
  A cyclops (D:7)
  Joseph (Lair:1)
  A wyvern (D:8)
  A water moccasin (Lair:1)
  2 black bears
  A sky beast (D:6)
  2 orc warriors
  2 phantoms
  A necrophage (D:5)
  2 ogres
  A centaur (D:5)
  A crocodile (D:8)
  6 giant frogs
  A wyvern skeleton (D:8)
  2 scorpions
  3 howler monkeys
  2 vampire bats (D:4)
  3 crimson imps
  A giant frog skeleton (D:7)
  5 orc priests
  A centaur skeleton (D:6)
  2 jellies
  A centaur zombie (D:5)
  3 hounds
  8 orc wizards
  A gnoll shaman (D:3)
  Jessica (D:2)
  5 iguanas
  6 worker ants
  A killer bee zombie (D:5)
  A hound skeleton (D:8)
  A worker ant zombie (D:5)
  4 gnolls
  10 adders
  11 river rats
  2 shadow imps (D:6)
  An ooze (D:1)
  An adder skeleton (D:4)
  An adder zombie (D:5)
  6 worms
  5 dart slugs
  5 giant geckos
  20 orcs
  2 bat skeletons (D:4)
  2 bat zombies (D:4)
  5 giant cockroaches
  15 goblins
  9 hobgoblins
  6 jackals
  2 quokkas (D:4)
  2 ball pythons
  7 bats
  A giant gecko skeleton (D:7)
  5 giant newts
  A jackal skeleton (D:4)
  9 kobolds
  A quokka zombie (D:6)
  8 rats
  A spectral orc (D:5)
  A fungus (D:8)
214 creatures vanquished.

Vanquished Creatures (others)
  A dancing weapon (D:3)
  A crocodile (D:4)
  An orc wizard (D:6)
3 creatures vanquished.

Grand Total: 217 creatures vanquished

Notes
Turn   | Place    | Note
--------------------------------------------------------------
     0 | D:1      | Esekla the Formicid Enchanter began the quest for the Orb.
     0 | D:1      | Reached XP level 1. HP: 13/13 MP: 3/3
   106 | D:1      | Reached skill level 1 in Fighting
   245 | D:1      | Reached XP level 2. HP: 22/22 MP: 5/5
   694 | D:1      | Reached XP level 3. HP: 22/28 MP: 6/6
   866 | D:1      | Learned a level 3 spell: Tukima's Dance
  1186 | D:2      | Noticed Jessica
  1207 | D:2      | Killed Jessica
  1207 | D:2      | Reached XP level 4. HP: 23/34 MP: 7/7
  1902 | D:2      | Reached XP level 5. HP: 35/41 MP: 8/8
  2386 | D:3      | You fall through a shaft for 3 floors!
  2394 | D:6      | Learned a level 3 spell: Confuse
  2478 | D:6      | Reached skill level 2 in Short Blades
  2482 | D:6      | Reached XP level 6. HP: 21/47 MP: 2/10
  2521 | D:6      | Learned a level 3 spell: Dazzling Spray
  2790 | D:6      | Found a staircase to the Ecumenical Temple.
  2791 | D:6      | Noticed an orc warrior
  2814 | D:6      | Reached skill level 3 in Short Blades
  2818 | D:5      | Entered Level 5 of the Dungeon
  2860 | D:5      | Reached skill level 1 in Conjurations
  2979 | D:6      | Reached XP level 7. HP: 23/52 MP: 11/11
  3393 | Temple   | Entered the Ecumenical Temple
  3431 | Temple   | Became a worshipper of Ashenzari the Shackled
  3652 | D:5      | Found a white marble altar of Elyvilon.
  3655 | D:5      | Found a shadowy altar of Dithmenos.
  3662 | D:5      | Found a deep blue altar of Sif Muna.
  3665 | D:5      | Found an iron altar of Okawaru.
  4466 | D:4      | Reached skill level 4 in Short Blades
  4695 | D:3      | Reached XP level 8. HP: 50/58 MP: 13/13
  5318 | D:3      | Reached skill level 5 in Short Blades
  5593 | D:3      | Reached * piety under Ashenzari
  5929 | D:4      | Got the uncursed leather armour of the Peculiar Blessings {Str+2 SInv}
  5955 | D:4      | Identified the +3 leather armour of the Peculiar Blessings {Str+2 SInv} (You found it on level 4 of the Dungeon)
  5960 | D:4      | Found an ancient bone altar of Kikubaaqudgha.
  6157 | D:4      | Reached skill level 6 in Short Blades
  6157 | D:4      | Reached skill level 1 in Armour
  6319 | D:4      | Found an oddly glowing altar of Pakellas.
  6319 | D:4      | Noticed an orange crystal statue
  6690 | D:5      | Found a basalt altar of Yredelemnul.
  7090 | D:5      | Reached XP level 9. HP: 52/61 MP: 15/15
  7834 | D:6      | Reached skill level 5 in Armour
  7881 | D:6      | Reached skill level 7 in Short Blades
  8203 | D:6      | Found an iron altar of Okawaru.
  8507 | D:7      | Identified the +5 short sword "Ikeorihi" {freeze, rPois MR- Int+3}
  8543 | D:7      | Reached skill level 8 in Short Blades
  8803 | D:7      | Noticed a cyclops
  9397 | D:8      | Found a burning altar of Makhleb.
  9400 | D:8      | Found a sacrificial altar of Ru.
  9462 | D:8      | Learned a level 2 spell: Searing Ray
  9467 | D:8      | Learned a level 4 spell: Iskenderun's Mystic Blast
  9690 | D:8      | Found a bloodstained altar of Trog.
  9693 | D:8      | Found an oddly glowing altar of Pakellas.
  9709 | D:8      | Reached skill level 5 in Dodging
  9710 | D:8      | Found a radiant altar of Vehumet.
  9755 | D:8      | Found a staircase to the Lair.
  9802 | D:8      | Reached XP level 10. HP: 68/68 MP: 16/16
  9897 | D:8      | Noticed a hill giant
 10344 | D:8      | Found a glowing silver altar of Zin.
 10344 | D:8      | Noticed an angel
 10489 | D:7      | Reached skill level 9 in Short Blades
 10692 | D:7      | Killed a cyclops
 10958 | D:8      | Killed a hill giant
 11106 | Lair:1   | Entered Level 1 of the Lair of Beasts
 11106 | Lair:1   | Noticed Joseph
 11138 | Lair:1   | Killed Joseph
 11138 | Lair:1   | Reached skill level 10 in Short Blades
 11190 | Lair:1   | Noticed Fannar
 11252 | Lair:1   | Killed from afar by Fannar

Skill      XL: |  1  2  3  4  5  6  7  8  9 10 |
---------------+-------------------------------+-----
Fighting       | 1 2 3 |  3.0
Dodging        | 2 3 5 6 |  6.2
Hexes          | 4 |  4.0
Short Blades   | 2 3 4 6 8 10 | 10.1
Spellcasting   | 3 4 |  4.5
Conjurations   | 2 3 4 |  4.7
Armour         | 2 5 |  5.0
Stealth        | |  3.6

Action                   |  1- 3 |  4- 6 |  7- 9 | 10-12 || total
-------------------------+-------+-------+-------+-------++-------
Melee: Dagger            |    75 |   269 |   778 |    80 ||  1202
       Short sword       |       |       |       |    80 ||    80
Throw: Stone             |     4 |    12 |    49 |       ||    65
       Tomahawk          |       |       |     8 |     2 ||    10
 Cast: Corona            |       |    20 |     5 |       ||    25
       Confuse           |       |     4 |     2 |       ||     6
       Dazzling Spray    |       |       |    13 |    14 ||    27
       Tukima's Dance    |       |       |     3 |     2 ||     5
       Searing Ray       |       |       |       |     1 ||     1
Invok: Curse Item        |       |       |     2 |       ||     2
  Use: Scroll            |       |     8 |    10 |     4 ||    22
       Potion            |       |     2 |       |     5 ||     7
 Stab: Sleeping          |     3 |    10 |    14 |     2 ||    29
       Invisible         |       |       |     3 |     9 ||    12
       Distracted        |       |       |     1 |       ||     1
  Eat: Bread ration      |     1 |     1 |     5 |       ||     7
       Beef jerky        |       |     1 |       |       ||     1
       Fruit             |       |       |       |     4 ||     4
       Pizza             |       |       |       |     1 ||     1
Armor: Robe              |    18 |    80 |    87 |       ||   185
       Leather armour    |       |       |   147 |    40 ||   187
Dodge: Dodged            |    32 |   137 |   373 |    92 ||   634
